 Dungeon Crawl Stone Soup version 0.27-a0-1119-gbf574a6a6b (webtiles) character file.

Game seed: 18332750447187570322

913 redaria the Ruffian (level 7, -2/67 HPs)
             Began as a Troll Berserker on May 2, 2021.
             Was a Believer of Trog.
             Slain by an orc wizard
             ... wielding a +1 dagger of venom
              (4 damage)
             ... on level 5 of the Dungeon.
             The game lasted 00:37:00 (2435 turns).

redaria the Ruffian (Troll Berserker)               Turns: 2435, Time: 00:37:02

Health: -2/67      AC:  4    Str: 27    XL:     7   Next: 82%
Magic:  6/6        EV: 10    Int:  3    God:    Trog [**....]
Gold:   168        SH:  0    Dex: 10    Spells: 6/6 levels left

rFire    . . .     SeeInvis .     - Unarmed
rCold    . . .     Faith    .   (no shield)
rNeg     . . .     Spirit   .   a - +0 animal skin
rPois    .         Reflect  .   (helmet restricted)
rElec    .         Harm     .   (no cloak)
rCorr    .         Rampage  .   (gloves unavailable)
Will     .....                  (boots unavailable)
Stlth    +.........             (no amulet)
HPRegen  1.21/turn              (no ring)
MPRegen  0.10/turn              (no ring)

@: confused, lethally poisoned (-2 -> -16), ambrosia-drunk
A: large, unfitting armour, claws 3, regeneration 1, shaggy fur 1, tough skin 1
a: Renounce Religion, Berserk, Trog's Hand


You were on level 5 of the Dungeon.
You worshipped Trog.
Trog was pleased with you.
You visited 2 branches of the dungeon, and saw 6 of its levels.

You collected 168 gold pieces.

Inventory:

Missiles
 e - 127 stones
Armour
 a - a +0 animal skin (worn)
Scrolls
 b - a scroll of torment {unknown}
 c - 2 scrolls of identify {unknown}
 d - a scroll of teleportation {unknown}
 f - a scroll of immolation
 i - a scroll of amnesia {unknown}
 n - a scroll of magic mapping {unknown}
Potions
 g - a potion of lignification {unknown}
 j - a potion of degeneration {unknown}
 k - a potion of curing {unknown}
 l - 2 potions of magic {unknown}
 m - 2 potions of haste {unknown}
 o - a potion of attraction {unknown}


   Skills:
 + Level 3.3 Fighting
 + Level 4.4 Dodging
 + Level 0.6 Stealth
 + Level 7.6 Unarmed Combat


You had 6 spell levels left.
You didn't know any spells.
Your spell library contained the following spells:

 Spells                   Type           Power      Damage    Failure   Level
 Freeze                   Ice            0%         1d3       52%         1
 Magic Dart               Conj           0%         1d3       52%         1
 Searing Ray              Conj           0%         3d3       67%         2
 Dazzling Flash           Conj/Hex       0%         N/A       88%         3
 Frozen Ramparts          Ice            0%         1d2       88%         3
 Ozocubu's Armour         Ice            0%         N/A       88%         3
 Fulminant Prism          Conj/Hex       0%         3d6       99%         4
 Hailstorm                Conj/Ice       0%         3d3       99%         4
 Iskenderun's Mystic Bla  Conj/Tloc      0%         2d3       99%         4
 Metabolic Englaciation   Hex/Ice        0%         N/A       100%        5


Dungeon Overview and Level Annotations

Branches:
Dungeon (5/15)             Temple (1/1) D:4

Altars:
Ashenzari
Cheibriados
Elyvilon
Fedhas
Nemelex Xobeh
Okawaru
Qazlal
Ru
Sif Muna
Uskayaw
Vehumet
Wu Jian
Xom
Yredelemnul
The Shining One

Shops:
D:2 (   D:3 :


Innate Abilities, Weirdness & Mutations

You are too large for most types of armour.
You have claws for hands.
Your natural rate of healing is unusually fast.
You are covered in fur. (AC +1)
You have tough skin. (AC +1)


Message History

The orc hits you with a +0 whip. The water moccasin bites you.
You completely miss the water moccasin.
The water moccasin is almost dead.
You feel very sick. Something hits you. The water moccasin bites you.
The orc barely misses you.
You claw the water moccasin!
You kill the water moccasin!
Trog accepts your kill.
You feel sick. Something hits you.
You are more poisoned.
The orc hits you but does no damage.
You closely miss something.
You feel very sick. Something hits you. The orc barely misses you.
You scratch something.
You feel very sick. Something hits you but does no damage.
You are more poisoned.
The orc hits you with a +0 whip.
* * * LOW HITPOINT WARNING * * *
You claw the orc!
You kill the orc!
Trog accepts your kill.
You feel very sick. Something hits you.
* * * LOW HITPOINT WARNING * * *
You are lethally poisoned!
You scratch something but do no damage.
* * * LOW HITPOINT WARNING * * *
You feel very sick. Something hits you.
* * * LOW HITPOINT WARNING * * *
You are more poisoned.
It was a potion of ambrosia.
You are confused.
You feel invigorated.
* * * LOW HITPOINT WARNING * * *
You feel extremely sick. Something hits you.
You die...

. .# #.#. ##.#.# #.....
#..!.. ####
#..=.$################...
#......†@......<.........
#......))...##########...
##.###......##...........
.........######...........
..#.#.#..# .............
###..# .............
######..# ..#####..#...
#:::##..# ##..#...
#######..# #.......


There were no monsters in sight!

Vanquished Creatures
  The ghost of Wyvernaa the Poker, a novice GrFi (D:4)
  Sigmund (D:3)
  2 water moccasins (D:5)
  An ogre (D:5)
  A crimson imp (D:4)
  A jelly (D:4)
  2 hound skeletons (D:4)
  4 adders (D:3)
  An adder skeleton (D:4)
  3 worms
  2 orcs (D:5)
  4 endoplasms
  6 giant cockroaches
  3 goblins (D:1)
  3 hobgoblins
  4 jackals (D:2)
  2 quokkas (D:2)
  3 ball pythons
  2 bats
  5 frilled lizards (D:3)
  A goblin skeleton (D:4)
  2 goblin zombies (D:4)
  3 hobgoblin zombies (D:4)
  3 kobolds
  A kobold zombie (D:4)
  An orc skeleton (D:4)
  8 rats
70 creatures vanquished.

Notes
Turn   | Place    | Note
-------+----------+-------------------------------------------
     0 | D:1      | redaria the Troll Berserker began the quest for the Orb.
     0 | D:1      | Reached XP level 1. HP: 22/22 MP: 0/0
   169 | D:1      | Reached XP level 2. HP: 17/29 MP: 1/1
   394 | D:2      | Found Mocipujo's Antique Weapon Emporium.
   394 | D:2      | Found a faded altar of an unknown god.
   445 | D:2      | Found a glowing golden altar of the Shining One.
   592 | D:2      | Reached XP level 3. HP: 36/36 MP: 2/2
   701 | D:2      | Reached ** piety under Trog
   919 | D:3      | Noticed Sigmund
   934 | D:3      | Killed Sigmund
   935 | D:3      | Reached skill level 4 in Unarmed Combat
   935 | D:3      | Reached XP level 4. HP: 28/45 MP: 3/3
   935 | D:3      | Reached XP level 5. HP: 33/53 MP: 4/4
  1012 | D:3      | Reached skill level 5 in Unarmed Combat
  1267 | D:3      | Found Duejech's Book Boutique.
  1510 | D:4      | Found a staircase to the Ecumenical Temple.
  1528 | D:4      | Reached XP level 6. HP: 61/61 MP: 5/5
  1596 | Temple   | Entered the Ecumenical Temple
  1940 | D:4      | Found a large runed translucent door.
  1942 | D:4      | Found a large runed translucent door.
  1949 | D:4      | Noticed Wyvernaa's ghost (novice GrFi)
  1959 | D:4      | Killed Wyvernaa's ghost
  1960 | D:4      | Reached skill level 6 in Unarmed Combat
  1960 | D:4      | Reached XP level 7. HP: 40/67 MP: 6/6
  2150 | D:4      | Found a glowing golden altar of the Shining One.
  2227 | D:5      | Entered Level 5 of the Dungeon
  2247 | D:5      | Reached skill level 7 in Unarmed Combat
  2393 | D:5      | Found a shimmering blue altar of Sif Muna.
  2435 | D:5      | HP: 2/67 [poisoned by an orc wizard]
  2435 | D:5      | Slain by an orc wizard

Illustrated notes

Levels and vault maps discovered:
D:1:      nagdon_arrival_zigzag_paths, layout_loops_ring
D:2:      layout_rooms, serial_shops, shop, hellmonk_ecumenical_altar_blasted,
          basic_altar
D:3:      layout_loops_ring, overflow_temple_1_default, serial_shops, shop,
          uniq_sigmund
D:4:      layout_rooms, nicolae_tso_besieged_by_evil,
          worldfamousw_hep_ancestral_shrine,
          minmay_temple_entry_drinking_statues, ebering_ghost_disaster_area
D:5:      layout_basic, nicolae_sif_muna_little_library, grunt_ministairs_12,
          chequers_serial_rivers_micro_d
Temple:   oiseaux_autumnal_temple

Skill      XL: |  1  2  3  4  5  6  7 |
---------------+----------------------+-----
Fighting       | 3 |  3.3
Dodging        | 3 4 |  4.4
Unarmed Combat | 4 5 6 7 |  7.6
Stealth        | |  0.6

Action                   |  1- 3 |  4- 6 |  7- 9 || total
-------------------------+-------+-------+-------++-------
Melee: Unarmed           |    92 |    62 |    46 ||   200
       Punch             |     1 |     1 |     1 ||     3
  Use: Potion            |       |       |     1 ||     1
Armor: Animal skin       |    33 |    12 |    12 ||    57
Dodge: Dodged            |    60 |    27 |    24 ||   111

Table legend: (Time is in decaauts)
 A = Elapsed time spent in this place.
 B = Non-inter-level travel time spent in this place.
 C = Inter-level travel time spent in this place.
 D = Time resting spent in this place.
 E = Time spent auto-exploring this place.
 F = Levels seen in this place.
 G = Mean time per level.
                   A        B        C        D        E       F      G
               +--------+--------+--------+--------+--------+-----+--------+
         Total |   2418 |   2378 |     40 |      0 |      0 |   6 |  403.0 |
       Dungeon |   2115 |   2075 |     40 |      0 |      0 |   5 |  423.0 |
        Temple |    303 |    303 |      0 |      0 |      0 |   1 |  303.0 |
               +--------+--------+--------+--------+--------+-----+--------+

Top non-repeatable levels by time:
     D:3: 644 daAuts
     D:2: 455 daAuts
     D:4: 446 daAuts
     D:1: 364 daAuts
  Temple: 303 daAuts
     D:5: 204 daAuts
